 Dungeon Sprint DCSS version 0.04.2-19-ga012a504bd (webtiles) character file.

Game seed: 13854691843570401707, levelgen mode: deterministic

7207 diana the Warrior (level 11, -5/82 HPs) Kobold Hunter. Began on May 19, 2021. Was a High Priest of Hepliaklqana. Slain by an orc knight ... wielding a cursed +4 vampiric halberd {(Curse: *Rage Fragile)} (28 damage) ... in the Dungeon (Sprint V: "Ziggurat Sprint"). The game lasted 00:08:51 (677 turns).

diana the Warrior (Kobold Hunter)                    Turns: 677, Time: 00:08:52

Health: -5/82      AC: 15    Str:  9    XL:     11 ^: 5152
Magic:  12/14      EV: 10    Int: 19    God:    Hepliaklqana [5* [129]]
Gold:   0          SH:  0    Dex: 23    Spells: 10/10 levels left

rFire    . . .     Vision   +   E - +9 ballista "Sniper" {velocity, Acc+∞ +Vis}
rCold    x . .     Gourm    .   (also wielding the above weapon)
rNeg     . . .     Faith    .   I - +5 shadow dragon scales
rPois    +         Spirit   .   (no helmet)
rElec    .         Reflect  .   (no cloak)
rCorr    .         Harm     .   (no gloves)
MR       +....     NoTele   +   (no boots)
Stlth    ++++......             (no amulet)
HPRegen  0.37/turn              v - ring of dexterity
MPRegen  0.24/turn              L - ring "Puquts" {rPois rC- MR+ Int+5 Stlth+}

@: no status effects
A: small, reduced essence, carnivore
a: Recall Ancestor, Ancestor Identity, Transference, Idealise, Renounce
Religion, Evoke Invisibility


You were in the Dungeon.
You worshipped Hepliaklqana.
Hepliaklqana was extremely pleased with you.
You were very full.

You visited 1 branch

Inventory:

Weapons
 E - the +9 ballista "Sniper" (weapon) {velocity, Acc+∞ +Vis}
   (You found it in the Dungeon)

   Any bolt fired from it inflicts extra damage.
   It improves your vision.
 F - a +5 rapier
 G - a +5 tanto
Armour
 c - a +0 leather armour
 H - +5 gold dragon scales
 I - +5 shadow dragon scales (worn)
 J - +5 storm dragon scales
Jewellery
 v - a ring of dexterity (left hand)
 w - an uncursed ring of dexterity
 x - an uncursed ring of intelligence
 y - an uncursed ring of intelligence
 z - an uncursed ring of strength
 A - an uncursed ring of strength
 L - the ring "Puquts" (right hand) {rPois rC- MR+ Int+5 Stlth+}
   (You found it in the Dungeon)

   [ring of intelligence]

   It affects your intelligence (+5).
   It makes you vulnerable to cold.
   It protects you from poison.
   It affects your resistance to hostile enchantments.
   It makes you more stealthy.
Wands
 B - a wand of disintegration (7)
 C - a wand of iceblast (7)
 D - a wand of acid (7)
Scrolls
 j - 4 scrolls of blinking
 q - 4 scrolls of amnesia
 r - 7 scrolls of fog
 s - a scroll of holy word
 t - 7 scrolls of bless item
 u - a scroll of fear
Potions
 e - 10 potions of curing
 f - 10 potions of heal wounds
 g - 7 potions of haste
 h - 7 potions of magic
 i - 3 potions of berserk rage
 k - 2 potions of brilliance
 l - 2 potions of invisibility
 m - 4 potions of resistance
 o - 5 potions of agility
 p - 6 potions of might
Miscellaneous
 a - a box of beasts
Comestibles
 d - 7 rations


   Skills:
 * Level 20.5 Fighting
 + Level 17.5 Crossbows
 - Level 2.4 Dodging
 - Level 1.3 Stealth
 + Level 5.1 Invocations
 - Level 5.1 Evocations


You had 10 spell levels left.
You didn't know any spells.
Your spell library contained the following spells:

 Spells                   Type           Power        Failure   Level  Hunger
 Flame Tongue             Fire           0 (30)       93%         1    ##.....
 Foxfire                  Fire           0 (25)       93%         1    ##.....
 Freeze                   Ice            0 (25)       93%         1    ##.....
 Pain                     Hex/Necr       0 (25)       93%         1    ##.....
 Poisonous Vapours        Pois/Air       0 (50)       93%         1    ##.....
 Corpse Rot               Tmut/Necr      N/A          98%         2    ###....
 Searing Ray              Fire           0 (50)       98%         2    ###....
 Sting                    Pois           0 (25)       98%         2    ###....
 Sublimation of Blood     Necr           0 (200)      98%         2    ###....
 Throw Frost              Ice            0 (50)       98%         2    ###....
 Blinding Spray           Hex/Pois       0 (50)       100%        3    ####...
 Conjure Flame            Fire           0 (100)      100%        3    ####...
 Ignite Poison            Fire/Tmut      0 (100)      100%        3    ####...
 Inner Flame              Hex/Fire       0 (100)      100%        3    ####...
 Mephitic Cloud           Pois/Air       0 (100)      100%        3    ####...
 Ozocubu's Armour         Chrm/Ice       0 (100)      100%        3    ####...
 Pryten's Skeletal Upris  Chrm/Necr      0 (200)      100%        3    ####...
 Recall                   Summ/Tloc      N/A          100%        3    ####...
 Regeneration             Chrm/Necr      0 (200)      100%        3    ####...
 Static Discharge         Air            0 (100)      100%        3    ####...
 Stone Arrow              Erth           0 (50)       100%        3    ####...
 Vampiric Draining        Necr           0 (200)      100%        3    ####...
 Animate Dead             Necr           N/A          100%        4    #####..
 Hailstorm                Ice            0 (100)      100%        4    #####..
 Olgreb's Toxic Radiance  Pois           0 (100)      100%        4    #####..
 Petrify                  Tmut/Erth      0 (100)      100%        4    #####..
 Sticky Flame             Fire/Pois      0 (100)      100%        4    #####..
 Summon Ice Beast         Ice/Summ       0 (100)      100%        4    #####..
 Throw Icicle             Ice            0 (100)      100%        4    #####..
 Fireball                 Fire           0 (200)      100%        5    ######.
 Irradiate                Tmut/Pois      0 (200)      100%        5    ######.
 Lee's Rapid Deconstruct  Erth           0 (200)      100%        5    ######.
 Summon Forest            Summ/Erth      0 (200)      100%        5    ######.
 Summon Lightning Spire   Summ/Air       0 (100)      100%        5    ######.
 Summon Mana Viper        Summ/Pois      0 (100)      100%        5    ######.
 Cigotuvi's Degeneration  Tmut/Necr      0 (200)      100%        6    #######
 Eringya's Noxious Bog    Tmut/Pois      0 (200)      100%        6    #######
 Statue Form              Tmut/Erth      0 (150)      100%        6    #######
 Summon Hydra Mount       Summ           0 (200)      100%        6    #######
 Tunneling                Erth           0 (200)      100%        6    #######
 Dragon Form              Tmut           0 (200)      100%        7    #######
 Haunt                    Necr/Summ      0 (200)      100%        7    #######
 Infestation              Tmut/Pois      0 (200)      100%        7    #######
 Malign Gateway           Summ/Tloc      0 (200)      100%        7    #######
 Monstrous Menagerie      Summ           0 (200)      100%        7    #######
 Borgnjor's Revivificati  Necr           0 (200)      100%        8    #######
 Death's Door             Chrm/Necr      0 (200)      100%        8    #######
 Necromutation            Tmut/Necr      0 (200)      100%        8    #######
 Summon Jungle            Summ           0 (200)      100%        8    #######


Dungeon Overview and Level Annotations

Branches:
Dungeon (1/1)

Altars:
Ashenzari
Cheibriados
Dithmenos
Elyvilon
Fedhas Madash
Gozag Ym Sagoz
Hepliaklqana
Kikubaaqudgha
Makhleb
Nemelex Xobeh
Okawaru
Qazlal
Ru
Sif Muna
Trog
Uskayaw
Vehumet
Wu Jian
Xom
Yredelemnul
Zin
The Shining One Bahamut & Tiamat
Beogh
Jiyva
Lugonu


Innate Abilities, Weirdness & Mutations

You are small and have problems with some larger weapons.
You are carnivorous and can eat meat at any time.
Your life essence is reduced to manifest your ancestor. (-10% HP)


Message History

Unknown command.
Aiming:
E - the +9 ballista "Sniper" {velocity, Acc+∞ +Vis}, Range: 2 (50%)
Press: ? - help, Shift-Dir - straight line, f/p - orc knight
Aim: an orc knight, wielding a cursed +4 vampiric halberd {(Curse: *Rage Fragile)} and wearing a +0 chain mail (lightly wounded (50/62))
You shoot a bolt.
The bolt pierces through the orc knight (11)!
The orc knight is heavily wounded. (35/62) HP Agathoclea hits the troll with a flail (6).
The ogre barely misses you (0).
The troll bites Agathoclea (15)!
The troll claws Agathoclea (3).
The troll barely misses Agathoclea (0).
The orc knight hits you from afar with a cursed +4 vampiric halberd {(Curse: *Rage Fragile)} (14)!
The orc knight draws strength from your wounds (6).
The troll bites Agathoclea but does no damage.
The troll closely misses Agathoclea (0).
The troll claws Agathoclea but does no damage.
Agathoclea hits the troll with a flail (3).
The ogre hits you with a +0 giant club (15)!
* * * LOW HITPOINT WARNING * * *
The orc knight hits you from afar with a cursed +4 vampiric halberd {(Curse: *Rage Fragile)} (28)!!
You die...

▓....))..=▓
▓..||)[]..▓....|.)..▓
▓....)....▓.........▓
▓....[....▓.........▓
▓....)....▓.........▓
▓...).....▓.........▓
▓...o.T...▓.▓.....▓.▓
▓.▓..OR.▓.▓....©....▓
▓....©@...▓▓▓▓▓▓▓▓▓▓▓
▓▓▓▓▓▓▓▓▓▓▓


You could see the friendly Agathoclea the knight, an orc knight, a troll and an
ogre.

Vanquished Creatures
  A boulder beetle (D)
  An orc high priest (D)
  A spriggan druid (D)
  An orc knight (D)
  2 eyes of devastation (D)
  A rime drake (D)
  A troll (D)
  A jumping spider (D)
  A ynoxinul (D)
  A steam dragon (D)
  A spriggan (D)
  A yak (D)
  A slime creature (D)
  A tarantella (D)
  A golden eye (D)
  A warg (D)
  2 orc warriors (D)
  2 scorpions (D)
  2 floating eyes (D)
  A porcupine (D)
  2 swamp drakes (D)
  2 black bears (D)
  6 eyes of draining (D)
  An ogre (D)
  4 wolves (D)
  A quasit (D)
  A crimson imp (D)
  An orc priest (D)
  4 jellies (D)
  6 orc wizards (D)
  2 iron imps (D)
  2 oozes (D)
  4 orcs (D)
  A jackal (D)
61 creatures vanquished.

Vanquished Creatures (others)
  3 ancestors (D)
3 creatures vanquished.

Grand Total: 64 creatures vanquished

Notes
Turn   | Place    | Note
-------+----------+-------------------------------------------
     0 | D        | diana the Kobold Hunter began the quest for the Orb.
     0 | D        | Reached XP level 1. HP: 12/12 MP: 1/1
     0 | D        | Found a shimmering blue altar of Sif Muna.
     0 | D        | Found a sacrificial altar of Ru.
     0 | D        | Found a bloodstained altar of Trog.
     0 | D        | Found a stormy altar of Qazlal.
     0 | D        | Found an iron altar of Okawaru.
     0 | D        | Found a sparkling altar of Nemelex Xobeh.
     0 | D        | Found a blossoming altar of Fedhas.
     1 | D        | Found the +6 Majin-Bo {vampiric, corrupt archmagi; MP+6
                  | Int+6}
     1 | D        | Found the +9 ballista "Sniper" {velocity, Acc+∞ +Vis}
     1 | D        | Found the +10 dark maul {crush}
     1 | D        | Found the +15 Maxwell's patent armour {-Cast -Tele rElec
                  | MR+ rCorr}
     1 | D        | Found the +18 shield of the Gong {rElec rN+ MR+ EV-5}
     1 | D        | Found the +14 obsidian axe {chop, +Fly +Vis Soulbond}
     1 | D        | Found the +7 great mace "Firestarter" {inner flame, rF++}
     1 | D        | Found the +6 shillelagh "Devastator" {shatter}
     1 | D        | Found the +11 plutonium sword {*Contam Stlth-}
     1 | D        | Found the +8 lance "Wyrmbane" {slay drac, rPois rF+ rC+
                  | AC+3}
     1 | D        | Found the +9 sword of Zonguldrok {reap}
     1 | D        | Found the +13 scythe of Curses {drain, Soulbond}
     1 | D        | Found the +0 sword of Power
     1 | D        | Found the +7 mace of Variability {chain chaos}
     1 | D        | Found the +7 Singing Sword {slice, sonic wave}
     1 | D        | Found the +8 storm bow {elec, penet}
     2 | D        | Found a transporter.
     2 | D        | Found an ancient bone altar of Kikubaaqudgha.
     2 | D        | Found a viscous altar of Jiyva.
     2 | D        | Found a corrupted altar of Lugonu.
     2 | D        | Found a hazy altar of Hepliaklqana.
     2 | D        | Found a burning altar of Makhleb.
     2 | D        | Found an opulent altar of Gozag.
    73 | D        | Reached skill level 6 in Fighting
    73 | D        | Reached XP level 2. HP: 22/22 MP: 2/2
    85 | D        | Became a worshipper of Hepliaklqana the Forgotten
    91 | D        | Entered arena 2.
    91 | D        | Found a transporter.
    92 | D        | Reached skill level 7 in Fighting
    92 | D        | Reached XP level 3. HP: 25/25 MP: 3/3
   110 | D        | Entered arena 3.
   110 | D        | Noticed a yak
   110 | D        | Noticed a porcupine
   110 | D        | Found a transporter.
   111 | D        | Killed a yak
   111 | D        | Reached skill level 10 in Fighting
   111 | D        | Reached skill level 10 in Crossbows
   111 | D        | Reached XP level 4. HP: 34/34 MP: 4/4
   111 | D        | Reached XP level 5. HP: 38/38 MP: 5/5
   112 | D        | Killed a porcupine
   112 | D        | Reached skill level 11 in Fighting
   112 | D        | Reached XP level 6. HP: 44/44 MP: 6/6
   136 | D        | Entered arena 4.
   136 | D        | Noticed a scorpion
   136 | D        | Noticed a scorpion
   136 | D        | Noticed a jumping spider
   136 | D        | Noticed a tarantella
   136 | D        | Found a transporter.
   136 | D        | Reached * piety under Hepliaklqana
   137 | D        | Killed a jumping spider
   137 | D        | Reached skill level 13 in Fighting
   137 | D        | Reached XP level 7. HP: 51/51 MP: 7/7
   138 | D        | Killed a tarantella
   138 | D        | Reached skill level 14 in Fighting
   138 | D        | Reached XP level 8. HP: 57/57 MP: 8/8
   147 | D        | Got the cursed ring "Siosot" {rC- rN+ Int+6 +Vis, (Curse:
                  | MR-)}
   160 | D        | Entered arena 5.
   160 | D        | Noticed a steam dragon
   160 | D        | Noticed a rime drake
   160 | D        | Found a transporter.
   161 | D        | Killed a steam dragon
   163 | D        | Killed a rime drake
   163 | D        | Reached skill level 15 in Fighting
   174 | D        | Reached XP level 9. HP: 38/64 MP: 9/9
   263 | D        | Got the Almanac of Ignition
   273 | D        | Entered arena 6.
   273 | D        | Reached ** piety under Hepliaklqana
   273 | D        | Found a transporter.
   274 | D        | Reached skill level 16 in Fighting
   294 | D        | Entered arena 7.
   294 | D        | Noticed a boulder beetle
   297 | D        | Killed a boulder beetle
   297 | D        | Reached skill level 17 in Fighting
   297 | D        | Reached skill level 15 in Crossbows
   302 | D        | Found a transporter.
   343 | D        | Entered arena 8.
   343 | D        | Reached *** piety under Hepliaklqana
   348 | D        | Found a transporter.
   354 | D        | Got the ring of Conversion {rElec rF+ rC- MP+9}
   359 | D        | Got the cursed ring of Qeat {rElec rPois rN+++ rCorr Dex-5,
                  | (Curse: MP-9 Str-4)}
   384 | D        | Got the Grimoire of the Arsonist
   386 | D        | Entered arena 9.
   386 | D        | Noticed an eye of devastation
   386 | D        | Reached **** piety under Hepliaklqana
   387 | D        | Reached skill level 18 in Fighting
   387 | D        | Reached XP level 10. HP: 72/72 MP: 10/10
   388 | D        | Killed an eye of devastation
   393 | D        | Found a transporter.
   400 | D        | Got the ring "Yvileh" {+Blink rElec MP+9}
   420 | D        | Entered arena 10.
   420 | D        | Noticed a spriggan druid
   422 | D        | Killed a spriggan druid
   422 | D        | Reached skill level 19 in Fighting
   582 | D        | Remembered your ancestor Agathoclea as a knight
   583 | D        | Found a transporter.
   625 | D        | Entered arena 11.
   625 | D        | Noticed an eye of devastation
   627 | D        | Reached skill level 1 in Invocations
   627 | D        | Reached skill level 1 in Evocations
   627 | D        | Killed an eye of devastation
   631 | D        | Reached XP level 11. HP: 81/81 MP: 0/13
   632 | D        | Reached skill level 20 in Fighting
   633 | D        | Found a transporter.
   645 | D        | Got the cursed amulet of Yliob {+Fly rPois Regen+, (Curse:
                  | MR-)}
   648 | D        | Got the ring "Puquts" {rPois rC- MR+ Int+5 Stlth+}
   670 | D        | Entered arena 12.
   670 | D        | Noticed an orc knight
   670 | D        | Noticed an orc knight
   670 | D        | Noticed an orc high priest
   670 | D        | Reached ***** piety under Hepliaklqana
   672 | D        | Killed an orc knight
   673 | D        | Killed an orc high priest
   673 | D        | Reached skill level 5 in Invocations
   673 | D        | Reached skill level 5 in Evocations
   677 | D        | Slain by an orc knight

Levels and vault maps discovered:
D:        sprint_v [room_start, room_1, room_2, room_3, room_4, room_5, room_6,
          room_7, room_8, room_9, room_10, room_11, room_12, room_13, room_14,
          room_15, room_16, room_17, room_18, room_19, room_20, room_21,
          room_22, room_23, room_24, room_25, room_26, room_27]

Skill      XL: |  1  2  3  4  5  6  7  8  9 10 11 |
---------------+----------------------------------+-----
Fighting       | 6 7 10 11 13 14 15 18 19 20 | 20.5
Crossbows      | 8 10 11 12 14 15 17 | 17.5
Invocations    | 2 5 |  5.1
Evocations     | 2 5 |  5.1
Dodging        | |  2.4
Stealth        | |  1.3

Action                   |  1- 3 |  4- 6 |  7- 9 | 10-12 || total
-------------------------+-------+-------+-------+-------++-------
 Fire: Ballista          |     3 |     2 |    31 |    29 ||    65
Invok: Ancestor Life: Kn |       |       |       |     1 ||     1
  Use: Potion            |     1 |       |       |       ||     1
       Scroll            |       |       |       |     1 ||     1
  Eat: Chunk             |       |     6 |     1 |       ||     7
Armor: Shadow dragon sca |       |       |     7 |    17 ||    24
Dodge: Dodged            |       |       |     9 |    17 ||    26
